 Dungeon Crawl Stone Soup version 0.30.0-20-g3615ddf2f0 (webtiles) character file.

Game seed: 15378644291154003703

11 qw the Shield-Bearer (level 2, -1/19 HPs)
             Began as a Gargoyle Fighter on May 30, 2023.
             Slain by a kobold
             ... wielding a +0 whip
              (3 damage)
             ... on level 1 of the Dungeon.
             The game lasted 00:00:11 (604 turns).

qw the Shield-Bearer (Gargoyle Fighter)              Turns: 604, Time: 00:00:12

Health: -1/19      AC:  9    Str: 19    XL:     2   Next: 25%
Magic:  2/2        EV:  9    Int:  8    God:
Gold:   77         SH:  4    Dex:  9    Spells: 1/1 levels left

rFire   . . .        a - +0 war axe
rCold   . . .        c - +0 buckler
rNeg    + . .        b - +0 scale mail
rPois   inf          (no helmet)
rElec   +            (no cloak)
rCorr   .            (no gloves)
SInv    .            (no boots)
Will    .....        (no amulet) Stlth
                     (no ring)
HPRegen 0.23/turn    (no ring)
MPRegen 0.08/turn

%: no passive effects
@: no status effects
A: sickness immunity, AC +2, negative energy resistance 1, electricity
resistance, torment resistance 1, petrification resistance
a: no special abilities


You were on level 1 of the Dungeon.
You visited 1 branch of the dungeon, and saw 1 of its levels.

You collected 77 gold pieces.


Innate Abilities, Weirdness & Mutations

You are immune to sickness and miasma.
Your stone body is resilient. (AC +2)
You are immune to poison.
You resist negative energy. (rN+)
You are resistant to electric shocks. (rElec)
You are resistant to unholy torment.
You are immune to petrification.


   Skills:
 - Level 3.2 Fighting
 + Level 2.6 Axes
 - Level 3.2 Armour
 - Level 3.2 Shields


You had one spell level left.
You didn't know any spells.
Your spell library was empty.

Inventory:

Hand Weapons
 a - a +0 war axe (weapon)
 l - a +0 mace of venom
Missiles
 h - 3 silver boomerangs (quivered)
Armour
 b - a +0 scale mail (worn)
 c - a +0 buckler (worn)
 f - a +3 leather armour
 g - a +0 pair of boots
Jewellery
 m - an amulet of guardian spirit
Scrolls
 e - a scroll of identify {unknown}
 i - a scroll of blinking {unknown}
 j - a scroll of vulnerability {unknown}
Potions
 d - a potion of might
 k - 2 potions of curing {unknown}

Dungeon Overview and Level Annotations

Branches:
Dungeon (1/15)

Altars:


Message History

Found a stone staircase leading down.
Enter note:
Enter note:
Enter note:
Enter note:
There is a stone staircase leading down here.
A kobold comes into view. It is wielding a +0 whip.
The kobold shouts!
Enter note:
Enter note:
Enter note:
Enter note: The kobold throws a stone.
The stone hits you.
Enter note:
Enter note:
Enter note:
Enter note: The kobold hits you with a +0 whip.
You barely miss the kobold. The kobold barely misses you.
The kobold hits you but does no damage.
An endoplasm comes into view.
You miss the kobold. The kobold barely misses you.
You closely miss the kobold. The kobold hits you but does no damage.
The kobold hits you with a +0 whip.
You closely miss the kobold. The kobold hits you with a +0 whip.
You hit the kobold.
The kobold is moderately wounded.
The kobold hits you but does no damage.
You miss the kobold.
The kobold is moderately wounded.
The kobold barely misses you. The kobold hits you with a +0 whip.
You miss the kobold.
The kobold is moderately wounded.
The kobold hits you with a +0 whip.
You closely miss the kobold.
The kobold is moderately wounded.
The kobold hits you with a +0 whip.
You die...

#...## ##.# .....##
#.># ......##
##.#.##### .......#
#........#
.......+.......###.#
.......####....# #.#
......## #....# #.#
.....## #..#####.#
#...## #...JK@..#
##'## ##.####### #.#
##.## ....# #...##
.....# ....##
##.#########.#


You could see an endoplasm and a kobold.

Vanquished Creatures
  4 bats (D:1)
  An endoplasm (D:1)
  A goblin (D:1)
  A hobgoblin (D:1)
  A quokka (D:1)
  A rat (D:1)
9 creatures vanquished.

Notes
Turn   | Place    | Note
-------+----------+-------------------------------------------
     0 | D:1      | qw the Gargoyle Fighter began the quest for the Orb.
     0 | D:1      | Reached XP level 1. HP: 14/14 MP: 1/1
     0 | D:1      | 0 ||| qw: Version: 0.2-a-102-g2b76a06
     0 | D:1      | 0 ||| qw: Game counter: 465
     0 | D:1      | 0 ||| qw: Always use a shield: true
     0 | D:1      | 0 ||| qw: God list: Okawaru
     0 | D:1      | 0 ||| qw: Allow faded altars: false
     0 | D:1      | 0 ||| qw: Do Orc after D:15 true
     0 | D:1      | 0 ||| qw: Do second Lair branch before Depths: true
     0 | D:1      | 0 ||| qw: Lair rune preference: random
     0 | D:1      | 0 ||| qw: Plans: Normal, Zot:1-4, Slime:5, God:TSO, Crypt,
                  | Tomb, Pan, Hells, Abyss, Win
     0 | D:1      | 0 ||| PLANNING D:1-11
   215 | D:1      | 215 ||| DROPPING +0 whip.
   428 | D:1      | Reached XP level 2. HP: 19/19 MP: 2/2
   602 | D:1      | HP: 3/19 [kobold/+0 whip (5)]
   604 | D:1      | Slain by a kobold

Levels and vault maps discovered:
D:1:      nicolae_arrival_somewhat_less_tricky_arrival, layout_loops_corners

Skill      XL: |  1 |
---------------+----+-----
Axes           | 2 |  2.6
Fighting       | |  3.2
Armour         | |  3.2
Shields        | |  3.2

Action                     || total
---------------------------++-------
  Melee: War axe           ||    32
  Throw: Boomerang         ||     7
 Armour: Scale mail        ||    19
  Dodge: Dodged            ||    19
  Block: Buckler           ||     7

Table legend:
 A = Non-vault XP
 B = Vault XP
 C = Vault XP percentage of total XP
 D = Non-vault monster count
 E = Vault monster count
 F = Vault count percentage of total count
                 A         B        C        D         E       F
            +---------+---------+-------+---------+---------+-------
      Total |      16 |       0 |   0.0 |       9 |       0 |   0.0
            +---------+---------+-------+---------+---------+-------
        D:1 |      16 |       0 |   0.0 |       9 |       0 |   0.0
            +---------+---------+-------+---------+---------+-------
